 Dungeon Crawl Stone Soup version 0.18.1-5-g4a78601 (webtiles) character file.

3763 esc the Thaumaturge (level 9, -2/46 HPs)
             Began as a Deep Elf Fire Elementalist on May 12, 2016.
             Was a Follower of Vehumet.
             Slain by a manticore (16 damage)
             ... on level 10 of the Dungeon.
             The game lasted 00:23:42 (9448 turns).

esc the Thaumaturge (Deep Elf Fire Elementalist)    Turns: 9448, Time: 00:23:42

Health: -2/46      AC: 12    Str:  5    XL:     9   Next: 94%
Magic:  12/25      EV: 15    Int: 24    God:    Vehumet [*.....]
Gold:   483        SH:  0    Dex: 15    Spells: 4 memorised, 18 levels left

rFire  . . .     SeeInvis .     u - +2 short sword (venom)
rCold  . . .     Gourm    .     D - +2 robe {MR+}
rNeg   . . .     Faith    .     (no shield)
rPois  .         Spirit   .     e - +0 helmet
rElec  .         Dismiss  .     K - +0 cloak
rCorr  .         Reflect  .     v - +0 pair of gloves
SustAt .         Harm     .     (no boots)
MR     +....                    (no amulet)
Stlth  ++........               y - +2 ring of protection
                                x - +3 ring of protection

@: somewhat resistant to hostile enchantments, unstealthy
A: blurry vision 1, frail 1, slow regeneration 1
a: Renounce Religion


You were on level 10 of the Dungeon.
You worshipped Vehumet.
Vehumet was aware of your devotion.
You were not hungry.

You visited 2 branches of the dungeon, and saw 11 of its levels.

You collected 483 gold pieces.

Inventory:

Hand Weapons
 u - a +2 short sword of venom (weapon)
   (You found it on level 3 of the Dungeon)
Missiles
 k - 303 stones (quivered)
 l - 43 poisoned needles
 B - 7 javelins
Armour
 e - a +0 helmet (worn)
   (You found it on level 8 of the Dungeon)
 v - a +0 pair of gloves (worn)
   (You found it on level 3 of the Dungeon)
 D - a +2 robe of magic resistance (worn)
   (You took it off Pikel on level 7 of the Dungeon)
 K - a +0 cloak (worn)
   (You found it on level 9 of the Dungeon)
Jewellery
 h - an uncursed ring of teleportation {+/*tele, !d}
   (You found it on level 2 of the Dungeon)
 x - a +3 ring of protection (left hand)
   (You found it on level 4 of the Dungeon)
 y - a +2 ring of protection (right hand)
   (You found it on level 5 of the Dungeon)
 G - a +2 ring of intelligence
   (You found it on level 7 of the Dungeon)
Wands
 f - a wand of flame (37/48)
   (You took it off an orc on level 8 of the Dungeon)
 o - a wand of disintegration (2/24)
   (You found it on level 2 of the Dungeon)
 s - a wand of disintegration (4/24)
   (You found it on level 7 of the Dungeon)
 F - a wand of lightning (8/15)
   (You found it on level 6 of the Dungeon)
 J - a wand of iceblast (9/15)
   (You found it on level 9 of the Dungeon)
 L - a wand of lightning (5/15)
   (You took it off a centaur on level 9 of the Dungeon)
Scrolls
 d - 6 scrolls of remove curse
 g - a scroll of teleportation
 j - 4 scrolls of amnesia
 q - a scroll of magic mapping {!r}
 r - 2 scrolls of enchant weapon
 w - 5 scrolls of fog
Potions
 a - a potion of magic
 i - 5 potions of curing
 n - 2 potions of berserk rage {!q}
 p - a potion of lignification {!q}
 t - 2 potions of invisibility
 z - 2 potions of brilliance
 E - a potion of resistance
 H - a potion of agility {unknown}
 I - 2 potions of flight {unknown}
Books
 b - a book of Flames
Comestibles
 c - 14 bread rations {@e1}
 m - a fruit
 C - 5 meat rations {@e2}


   Skills:
 - Level 3.8 Fighting
 - Level 6.2 Dodging
 - Level 2.4 Stealth
 + Level 10.1 Spellcasting
 + Level 8.0 Conjurations
 + Level 8.4 Fire Magic


You had 18 spell levels left.
You knew the following spells:

 Your Spells              Type           Power        Failure   Level  Hunger
a - Flame Tongue          Conj/Fire      #####        1%          1    None
c - Conjure Flame         Conj/Fire      ######..     1%          3    None
s - Sticky Flame          Conj/Fire      ######..     1%          4    #......
x - Throw Flame           Conj/Fire      ######       1%          2    None


Dungeon Overview and Level Annotations

Branches:
Dungeon (10/15)            Temple (1/1) D:7            Lair (0/8) D:8
    Orc: D:9-12

Altars:
Ashenzari
Dithmenos
Elyvilon
Gozag
Kikubaaqudgha
Makhleb
Nemelex Xobeh
Okawaru
Pakellas
Qazlal
Ru
Sif Muna
Trog
Vehumet
Xom
Zin
The Shining One

Shops:
D:8 [

Annotations:
D:4 Sigmund


Innate Abilities, Weirdness & Mutations

Scrolls take you a little longer to read.
You are frail (-10% HP).
You regenerate slowly when monsters are visible.


Message History

a shortbow; 5 arrows; a centaur skeleton You start resting.
Some of the chunks of flesh in your inventory have rotted away. x2
Health restored: 46; MP restored: 25 Some of the chunks of flesh in your inventory have rotted away.
You open the door.
There is an open door here.
Some of the chunks of flesh in your inventory have rotted away.
There is an open door here.
Eating one of 3 chunks of flesh {@w0}.
You continue eating. x2
There is an open door here.
There is an open door here.
There is an open door here.
You open the door.
There is an open door here.
There is an open door here.
There is an open door here.
There is an open door here.
All of the chunks of flesh in your inventory have rotted away.
You see here a troll hide {regen}.
There is an open door here.
You open the door.
There is an open door here.
There is an open door here.
There is an open door here.
There is an open door here.
There is an open door here.
There is an open door here.
You see here a tomahawk.
There is an open door here.
Done exploring.
There is an open door here.
There is an open door here.
There is a stone staircase leading down here.
You climb downwards.
There is a stone staircase leading up here.
There is a stone staircase leading up here.
Found a stone staircase leading up.
Unknown command.
k - 303 stones (gained 15)
You now have 469 gold pieces (gained 18).
You now have 483 gold pieces (gained 14).
A sky beast comes into view.
Aim: a sky beast The sticky flame hits the sky beast.
The sky beast is covered in liquid flames!
The sky beast burns!
The sky beast hits you. The sky beast shocks you.
You take 8 damage, and have 38/46 hp.
You now have 21/25 mp.
You hit the sky beast.
The sky beast burns! x2
The sky beast completely misses you.
You closely miss the sky beast.
The sky beast burns!
The sky beast closely misses you.
You barely miss the sky beast.
The sky beast burns!
You kill the sky beast!
Vehumet accepts your kill.
No target in view!
C - 5 meat rations {@e2} (gained 1)
A manticore comes into view.
The manticore flicks its tail.
The volley of spikes misses you.
Aim: a manticore The sticky flame hits the manticore.
The manticore appears unharmed.
The manticore is covered in liquid flames!
The manticore burns!
The manticore barely misses you. The manticore claws you.
The manticore claws you!
You take 14 damage, and have 25/46 hp.
MASSIVE DAMAGE!!
You now have 19/25 mp.
The manticore burns!
The manticore barely misses you. x2
The manticore claws you but does no damage.
You hit the manticore but do no damage.
The manticore burns!
The manticore completely misses you.
The manticore claws you but does no damage.
The manticore barely misses you.
Aim: a manticore (lightly wounded, covered in liquid flames)
The sticky flame hits the manticore.
The manticore is covered in liquid flames!
The manticore burns!
The manticore misses you. x2
The manticore claws you but does no damage.
You now have 16/25 mp.
You hit the manticore but do no damage.
The manticore is poisoned.
The manticore burns!
The manticore bites you. The manticore barely misses you.
The manticore completely misses you.
You take 1 damage, and have 24/46 hp.
You hit the manticore but do no damage.
The manticore burns!
The manticore closely misses you.
The manticore claws you but does no damage.
The manticore claws you!
You take 10 damage, and have 14/46 hp.
MASSIVE DAMAGE!!
(D) Dungeon (T) Temple (L) Lair
Where to? (Enter - D:9 @ (x,y), ? - help)
Okay, then.
Unknown command.
Aim: a manticore (severely wounded, poisoned, covered in liquid flames)
The sticky flame hits the manticore.
The manticore is covered in liquid flames!
The manticore burns!
The manticore bites you!
You die...

###.........#
#.........#
#.........#
#.........#
#.........#
#.........#
#.........#
######.........#
.......@H......#
...............#
.........#######
.........#
.........#
.........#
.........#
.........#


You could see a manticore (burning).

Vanquished Creatures
  Pikel (D:7)
  A troll (D:9)
  A spriggan (D:8)
  An orc warrior (D:7)
  A phantom (D:7)
  2 sky beasts
  3 slaves (D:7)
  A black bear (D:9)
  A necrophage (D:6)
  A wasp (D:7)
  2 ice beasts
  2 centaurs
  A gnoll sergeant (D:8)
  A giant frog (D:7)
  2 scorpions (D:7)
  3 wights (D:6)
  5 howler monkeys
  2 electric eels (D:8)
  2 giant frog zombies (D:5)
  A crimson imp (D:6)
  2 jellies (D:6)
  A giant frog skeleton (D:5)
  3 hounds
  8 orc priests
  A centaur skeleton (D:7)
  2 iguanas
  4 worker ants
  11 orc wizards
  2 killer bee zombies
  A hound skeleton (D:6)
  A howler monkey zombie (D:7)
  3 gnolls (D:6)
  7 adders
  4 shadow imps
  4 oozes
  3 worms
  A dart slug (D:1)
  8 giant geckos
  30 orcs
  3 ball pythons
  5 giant cockroaches
  10 goblins
  9 hobgoblins
  9 jackals
  5 quokkas
  A ball python skeleton (D:5)
  13 bats
  A giant gecko zombie (D:8)
  2 giant newts
  5 kobolds
  A quokka zombie (D:5)
  12 rats
206 creatures vanquished.

Vanquished Creatures (others)
  A slave (D:7)
  An orc wizard (D:7)
  An adder (D:2)
  An orc (D:7)
4 creatures vanquished.

Grand Total: 210 creatures vanquished

Notes
Turn   | Place    | Note
--------------------------------------------------------------
     0 | D:1      | esc the Deep Elf Fire Elementalist began the quest for the Orb.
     0 | D:1      | Reached XP level 1. HP: 10/10 MP: 6/6
   149 | D:1      | Reached XP level 2. HP: 16/16 MP: 0/8
   471 | D:1      | Reached skill level 1 in Fighting
   473 | D:1      | Reached XP level 3. HP: 16/20 MP: 0/10
   928 | D:2      | Found an iron altar of Okawaru.
  1075 | D:2      | Reached skill level 3 in Dodging
  1130 | D:2      | Reached skill level 4 in Spellcasting
  1135 | D:2      | Learned a level 2 spell: Throw Flame
  1139 | D:2      | Learned a level 3 spell: Conjure Flame
  1281 | D:2      | Reached skill level 2 in Conjurations
  1304 | D:2      | Reached XP level 4. HP: 21/25 MP: 9/12
  1311 | D:2      | Found a bloodstained altar of Trog.
  1311 | D:2      | Found a stormy altar of Qazlal.
  1317 | D:2      | Found a sacrificial altar of Ru.
  1389 | D:2      | Noticed an angel
  1390 | D:2      | Found a glowing silver altar of Zin.
  1390 | D:2      | Found a shimmering altar of Xom.
  1892 | D:3      | Found a glowing golden altar of the Shining One.
  2193 | D:3      | Found an oddly glowing altar of Pakellas.
  2196 | D:3      | Found a shadowy altar of Dithmenos.
  2246 | D:3      | Found an iron altar of Okawaru.
  2248 | D:3      | Found an ancient bone altar of Kikubaaqudgha.
  2292 | D:3      | Reached XP level 5. HP: 28/29 MP: 9/13
  2985 | D:4      | Reached skill level 3 in Conjurations
  2985 | D:4      | Reached skill level 4 in Fire Magic
  2988 | D:4      | Noticed Sigmund
  3040 | D:5      | Entered Level 5 of the Dungeon
  3054 | D:5      | Reached skill level 5 in Spellcasting
  3054 | D:5      | Reached XP level 6. HP: 31/35 MP: 7/15
  3579 | D:5      | Found a stormy altar of Qazlal.
  3637 | D:5      | Reached skill level 2 in Fighting
  3637 | D:5      | Reached skill level 4 in Dodging
  4141 | D:5      | Reached skill level 4 in Conjurations
  4141 | D:5      | Reached XP level 7. HP: 34/40 MP: 13/17
  4144 | D:5      | Found a sparkling altar of Nemelex Xobeh.
  4804 | D:6      | Reached skill level 6 in Spellcasting
  4804 | D:6      | Reached skill level 5 in Fire Magic
  4945 | D:6      | Reached skill level 5 in Dodging
  5324 | D:6      | Reached skill level 3 in Fighting
  5488 | D:6      | Reached XP level 8. HP: 45/45 MP: 16/19
  5496 | D:6      | Reached skill level 5 in Conjurations
  5799 | D:7      | Learned a level 4 spell: Sticky Flame
  6083 | D:7      | Noticed Pikel
  6173 | D:7      | Killed Pikel
  6173 | D:7      | Reached skill level 6 in Dodging
  6173 | D:7      | Reached skill level 7 in Spellcasting
  6173 | D:7      | Reached skill level 6 in Fire Magic
  6306 | D:7      | Found a bloodstained altar of Trog.
  6381 | D:7      | Found a staircase to the Ecumenical Temple.
  6390 | D:7      | Reached skill level 6 in Conjurations
  6396 | Temple   | Entered the Ecumenical Temple
  6429 | Temple   | Became a worshipper of Vehumet
  6497 | D:7      | Reached XP level 9. HP: 39/52 MP: 8/22
  6808 | D:7      | Reached skill level 8 in Spellcasting
  6947 | D:7      | Reached skill level 7 in Fire Magic
  7122 | D:8      | Gained mutation: Scrolls take you a little longer to read. [potion of mutation]
  7122 | D:8      | Gained mutation: You regenerate slowly when monsters are visible. [potion of mutation]
  7122 | D:8      | Gained mutation: You are frail (-10% HP). [potion of mutation]
  7124 | D:8      | Found a white marble altar of Elyvilon.
  7159 | D:8      | Found a staircase to the Lair.
  7380 | D:8      | Reached skill level 7 in Conjurations
  7535 | D:8      | HP: 9/46 [electric eel/bolt of electricity (9)]
  7539 | D:8      | Reached * piety under Vehumet
  7539 | D:8      | Offered knowledge of Freeze by Vehumet.
  7539 | D:8      | Reached skill level 9 in Spellcasting
  7913 | D:8      | Found Vehiaguh's Armour Shop.
  8583 | D:9      | Reached skill level 8 in Fire Magic
  8948 | D:9      | Noticed a troll
  8963 | D:9      | Killed a troll
  8963 | D:9      | Reached skill level 10 in Spellcasting
  9068 | D:9      | Reached skill level 8 in Conjurations
  9400 | D:10     | Entered Level 10 of the Dungeon
  9438 | D:10     | Noticed a manticore
  9448 | D:10     | Slain by a manticore

Skill      XL: |  1  2  3  4  5  6  7  8  9 |
---------------+----------------------------+-----
Fighting       | 1 2 3 |  3.8
Dodging        | 3 4 5 6 |  6.2
Spellcasting   | 4 5 6 7 10 | 10.1
Conjurations   | 2 3 4 6 8 |  8.0
Fire Magic     | 4 5 6 8 |  8.4
Stealth        | |  2.4

Action                   |  1- 3 |  4- 6 |  7- 9 || total
-------------------------+-------+-------+-------++-------
Melee: Unarmed           |     6 |       |       ||     6
       Short sword       |     6 |    64 |   135 ||   205
       Whip              |     2 |       |       ||     2
       Hand axe          |    19 |     1 |       ||    20
 Cast: Flame Tongue      |    57 |   137 |    82 ||   276
       Throw Flame       |       |       |    13 ||    13
       Sticky Flame      |       |       |    53 ||    53
Evoke: Wand              |       |       |     2 ||     2
  Use: Scroll            |     7 |     7 |     5 ||    19
       Potion            |       |     1 |     3 ||     4
 Stab: Sleeping          |     3 |     4 |     5 ||    12
       Distracted        |     1 |       |       ||     1
  Eat: Chunk             |     1 |     8 |    15 ||    24
       Beef jerky        |       |       |     1 ||     1
       Pizza             |       |       |     2 ||     2
Armor: Robe              |    16 |    34 |    77 ||   127
Dodge: Dodged            |    30 |   100 |   156 ||   286

Vault maps used:
D:1:      lemuel_arrival_behind_the_door_large, columned_hall_lemuel
D:2:      grunt_temple_overflow_order_and_chaos_1, minitemple,
          kennysheep_okawaru_gauntlet
D:3:      nicolae_overflow_hidden_temple
D:4:      cheibriados_altar_wand_db, minmay_distorted, uniq_sigmund
D:5:      lemuel_coloured_pillars_altar, first_bread, lemuel_statue_altar
D:7:      minmay_temple_entry_large_hall, trog_three_pillars_becter, uniq_pikel
D:8:      lair_0_dummy, serial_bayou, serial_bayou_pond_c, serial_bayou_pond_e,
          serial_bayou_pond_d, serial_bayou_pond_b, serial_shops,
          kennysheep_little_box, the_bakery, elyvilon_altar_5
D:10:     uniq_psyche
Temple:   cyrus_temple_forest_13

Table legend:
 A = Turns spent in this place as a percentage of turns spent in the entire game.
 B = Non-inter-level travel turns spent in this place as a percentage of non-inter-level travel turns spent in the entire game.
 C = Inter-level travel turns spent in this place as a percentage of turns spent in this place.
 D = Turns resting spent in this place as a percentage of non-inter-level travel turns spent in this place.
 E = Turns spent auto-exploring this place as a percentage of non-inter-level travel turns spent in this place.
 F = Non-inter-level travel turns spent in this place divided by the number of levels of this place that you've seen.
                   A       B       C       D       E      F
               +-------+-------+-------+-------+-------+----------------------
         Total | 100.0 | 100.0 |   0.8 |   4.1 |   9.3 | 203.8
       Dungeon |  99.2 |  99.2 |   0.8 |   4.2 |   9.4 | 222.4
        Temple |   0.8 |   0.8 |   5.3 |   0.0 |   5.6 |  18.0
               +-------+-------+-------+-------+-------+----------------------

Table legend:
 A = Kills in this place as a percentage of kills in entire the game.
 B = Kills by you in this place as a percentage of kills by you in the entire game.
 C = Kills by friends in this place as a percentage of kills by friends in the entire game.
 D = Other kills in this place as a percentage of other kills in the entire game.
 E = Experience gained in this place as a percentage of experience gained in the entire game.
 F = Experience gained in this place divided by the number of levels of this place that you have seen.
                   A       B       C       D       E      F
               +-------+-------+-------+-------+-------+----------------------
         Total | 100.0 | 100.0 |  -nan |  -nan | 100.0 | 488.7
       Dungeon | 100.0 | 100.0 |  -nan |  -nan | 100.0 | 537.6
               +-------+-------+-------+-------+-------+----------------------
